 Dungeon Crawl Stone Soup version 0.31.0-32-g396128a36d (webtiles) character file.

Game seed: 13448952199586520439

85 bnorton916 the Magician (level 4, -3/24 HPs)
             Began as a Deep Elf Fire Elementalist on Apr 10, 2024.
             Slain by a gnoll
             ... wielding a +0 whip
              (7 damage)
             ... on level 2 of the Dungeon on Apr 11, 2024.
             The game lasted 00:04:04 (3006 turns).

bnorton916 the Magician (DEFE)                      Turns: 3006, Time: 00:04:04

Health: -3/24      AC:  2    Str:  5    XL:     4   Next: 25%
Magic:  6/12       EV: 12    Int: 22    God:
Gold:   114        SH:  0    Dex: 15    Spells: 8/11 levels left

rFire   . . .        (no weapon)
rCold   . . .        (no shield)
rNeg    . . .        a - +0 robe
rPois   .            (no helmet)
rElec   .            (no cloak)
rCorr   .            (no gloves)
SInv    .            (no boots)
Will    .....        (no amulet)
Stlth   ++           (no ring)
HPRegen 0.24/turn    (no ring)
MPRegen 0.13/turn

%: no passive effects
@: no status effects
A: no striking features
a: no special abilities


You were on level 2 of the Dungeon.
You visited 1 branch of the dungeon, and saw 2 of its levels.

You collected 114 gold pieces.

Inventory:

Armour
 a - a +0 robe (worn)
Wands
 g - a wand of iceblast (4)
Scrolls
 c - a scroll of amnesia {unknown}
 e - a scroll of enchant weapon {unknown}
 h - a scroll of noise {unknown}
 i - a scroll of fear {unknown}
Potions
 b - a potion of magic
 d - 2 potions of lignification {unknown}
 f - 4 potions of curing {unknown}


   Skills:
 - Level 2.4 Dodging
 - Level 2.4 Stealth
 + Level 4.4 Spellcasting
 + Level 2.6 Conjurations
 + Level 4.2 Fire Magic


You had 8 spell levels left.
You knew the following spells:

 Your Spells              Type           Power      Damage    Failure   Level
a - Foxfire               Conj/Fire      76%        2x1d7     2%          1
b - Scorch                Fire           46%        2d6       3%          2

Your spell library contained the following spells:

 Spells                   Type           Power      Damage    Failure   Level
 Inner Flame              Hex/Fire       14%        N/A       14%         3
 Volatile Blastmotes      Fire/Tloc      28%        2d12      14%         3
 Flame Wave               Conj/Fire      19%        2d7       26%         4


Dungeon Overview and Level Annotations

Branches:
Dungeon (2/15)

Altars:


Message History

Confirm with . or Enter, or press ? or * to list all spells.
You conjure some foxfire!
The foxfire hits the gnoll but does no damage.
The gnoll is almost dead.
The foxfire hits the gnoll.
You kill the gnoll!
Casting: Foxfire (safe; 2% risk of failure)
Confirm with . or Enter, or press ? or * to list all spells.
You conjure some foxfire!
The gnoll closely misses you.
The foxfire hits the gnoll but does no damage.
The foxfire hits the gnoll.
The gnoll is moderately wounded.
The gnoll hits you with a +0 whip!
Casting: Foxfire (safe; 2% risk of failure)
Confirm with . or Enter, or press ? or * to list all spells.
You conjure some foxfire!
The gnoll hits you with a +0 whip.
The foxfire hits the gnoll.
The gnoll is heavily wounded.
The foxfire hits the gnoll.
The gnoll is severely wounded.
Casting: Foxfire (safe; 2% risk of failure)
Confirm with . or Enter, or press ? or * to list all spells.
You conjure some foxfire!
The gnoll barely misses you. The gnoll hits you with a +0 club!
The foxfire hits the gnoll.
The gnoll is almost dead.
The foxfire hits the gnoll.
The gnoll is almost dead.
The gnoll completely misses you. The gnoll misses you.
Casting: Foxfire (safe; 2% risk of failure)
Confirm with . or Enter, or press ? or * to list all spells.
You conjure some foxfire!
The gnoll hits you with a +0 whip.
* * * LOW HITPOINT WARNING * * *
The gnoll barely misses you.
The foxfire hits the gnoll.
You kill the gnoll!
The foxfire hits the gnoll.
The gnoll is almost dead.
The gnoll hits you with a +0 whip!
You die...

.........#.#.#...#########..###
##.#.###.#.#.#[..#.......#..#.###
#.#.# #.#.#.......#######..#....
##.#.###.#.###.#.....#####..#.###
...#.....#..................#.###
##############.#.###.#..##.##.#..
...............#.# #.#..##....##.
################.###.#.......###.
#........@)..<........###.
#.#######g####........'... #.#
#.#...........###. #####.#
#.#..#.......># #. #.....#
#.#.##........# #. #.#####
#.#.^.........# #. #.#
#.#######'##### #. ####.# #.# #.#
#### .....# #.# #.# #...


You could see a gnoll.

Vanquished Creatures
  3 gnolls (D:2)
  An adder (D:2)
  2 dart slugs
  6 endoplasms
  2 giant cockroaches
  3 goblins
  5 hobgoblins
  4 jackals (D:2)
  6 kobolds
  A quokka (D:2)
  4 ball pythons
  3 bats
  5 frilled lizards
  4 rats
49 creatures vanquished.

Vanquished Creatures (others)
  216 foxfires
216 creatures vanquished.

Grand Total: 265 creatures vanquished

Notes
Turn   | Place    | Note
-------+----------+-------------------------------------------
     0 | D:1      | bnorton916 the Deep Elf Fire Elementalist began the quest
                  | for the Orb.
     0 | D:1      | Reached XP level 1. HP: 10/10 MP: 6/6
   341 | D:1      | Reached XP level 2. HP: 15/15 MP: 2/8
   344 | D:1      | Learned a level 2 spell: Scorch
  1507 | D:2      | Reached XP level 3. HP: 19/19 MP: 7/10
  2699 | D:2      | Reached XP level 4. HP: 14/24 MP: 1/12
  3006 | D:2      | Slain by a gnoll

Illustrated notes

Levels and vault maps discovered:
D:1:      psy_arrival_spokes, layout_loops_ring
D:2:      minmay_evil_eye, layout_basic

Skill      XL: |  1  2  3 |
---------------+----------+-----
Conjurations   | 2 |  2.6
Spellcasting   | 4 |  4.4
Fire Magic     | 4 |  4.2
Dodging        | |  2.4
Stealth        | |  2.4

Action                     |  1- 3 |  4- 6 || total
---------------------------+-------+-------++-------
   Cast: Foxfire           |   137 |    10 ||   147
         Scorch            |     6 |     2 ||     8
 Armour: Robe              |     8 |     7 ||    15
  Dodge: Dodged            |    19 |     9 ||    28
